AoeStats
← king_espo

Coastal Forest

510836973Analyzed
2v2 RM · 10h ago on Oct 2, 2026· 41m 0s· 4 players
Game mode
Random Map
Map size
Medium (4 player)
Population
200
Speed
Normal
Resources
Standard
Victory
Conquest
Starting age
Dark Age
Ending age
Imperial Age
RankedLock teamsTeams togetherTeam positionsShared explorationLock speedFull tech treeHidden civsTurbo modeCheats
Victory
Defeat
🇺🇸 Franks · United States
1253
+17
🇺🇸 Saxons · United States
1241
+17
🇨🇭 Chinese · Switzerland
1291
-18
🇮🇹 Poles · Italy
1242
-16
pietro91
9:23 Feudal Age
10:23 Double-Bit Axe
13:56 Loom
16:42 Horse Collar
22:46 Castle Age
21:59 Stone Mining
26:01 Squires
31:23 Gold Mining
34:37 Scale Mail Armor
34:49 Forging
39:28 Imperial Age
39:02 Husbandry
39:43 Cavalier
U 99
0:30 Loom
10:34 Feudal Age
13:55 Fletching
15:08 Double-Bit Axe
20:51 Castle Age
21:14 Scale Mail Armor
26:17 Bodkin Arrow
31:36 Wheelbarrow
36:56 Imperial Age
34:32 Gold Mining
36:20 Ballistics
39:45 Horse Collar
39:31 Pikeman
Turtletamer11
5:11 Loom
10:03 Feudal Age
11:40 Loom
15:41 Double-Bit Axe
18:31 Castle Age
16:53 Fishing Lines
17:59 Scale Barding Armor
19:04 Forging
20:13 Bow Saw
20:18 Gillnets
22:23 Wheelbarrow
23:41 Husbandry
24:48 Hand Cart
25:07 Devotion
27:14 Chain Barding Armor
27:32 Iron Casting
30:45 Sanctity
33:20 Imperial Age
33:53 Cavalier
35:37 Blast Furnace
36:50 Plate Barding Armor
36:33 Paladin
38:30 Siege Engineers
40:00 Chivalry
king_espo
1:37 Loom
8:54 Feudal Age
10:07 Double-Bit Axe
15:31 Fletching
16:29 Horse Collar
23:56 Castle Age
22:28 Padded Archer Armor
22:46 Gold Mining
24:13 Crossbowman
25:13 Bodkin Arrow
26:21 Ballistics
35:01 Imperial Age
33:29 Leather Archer Armor
34:33 Bow Saw
37:55 Imperial Age
39:10 Bracer
39:04 Arbalester
Connection lost

Rejoining the realm…

Still unreachable

The connection could not be restored.

Session expired

The server has moved on; the page needs a fresh start.